 Dungeon Crawl Stone Soup version 0.27-a0-1137-g3ef0f4ec91 (webtiles) character file.

Game seed: 8095573060536558871

521 voltaire321 the Poker (level 7, -6/54 HPs)
             Began as a Merfolk Gladiator on May 6, 2021.
             Was an Initiate of Okawaru.
             Mangled by an iguana (11 damage)
             ... on level 5 of the Dungeon.
             The game lasted 00:15:41 (4173 turns).

voltaire321 the Poker (Merfolk Gladiator)           Turns: 4173, Time: 00:15:42

Health: -6/54      AC:  5    Str: 14    XL:     7   Next: 21%
Magic:  8/8        EV: 14    Int:  8    God:    Okawaru [......]
Gold:   72         SH:  0    Dex: 17    Spells: 6/6 levels left

rFire    . . .     SeeInvis .   a - +0 trident
rCold    . . .     Faith    .   (no shield)
rNeg     . . .     Spirit   .   b - +0 leather armour
rPois    .         Reflect  .   c - +1 helmet
rElec    .         Harm     .   (no cloak)
rCorr    +         Rampage  .   (no gloves)
Will     .....                  (no boots)
Stlth    +.........             (no amulet)
HPRegen  0.18/turn              g - ring of resist corrosion
MPRegen  0.11/turn              (no ring)

@: no status effects
A: (nimble swimmer 2), mertail
a: Renounce Religion


You were on level 5 of the Dungeon.
You worshipped Okawaru.
Okawaru was noncommittal.
You visited 1 branch of the dungeon, and saw 6 of its levels.
You also visited: Sewer.

You collected 72 gold pieces.

Inventory:

Hand Weapons
 a - a +0 trident (weapon)
Missiles
 d - 3 throwing nets
 e - 3 poisoned darts
 n - 8 boomerangs
 p - a curare-tipped dart (quivered)
Armour
 b - a +0 leather armour (worn)
 c - a +1 helmet (worn)
Magical Staves
 j - a staff of poison
Jewellery
 g - a ring of resist corrosion (left hand)
Scrolls
 o - a scroll of magic mapping {unknown}
Potions
 h - a potion of cancellation {unknown}
 i - a potion of mutation {unknown}
 q - 2 potions of flight


   Skills:
 + Level 4.0 Fighting
 + Level 6.4 Polearms
 + Level 3.7 Throwing
 + Level 1.8 Armour
 + Level 5.7 Dodging
 + Level 2.0 Invocations


You had 6 spell levels left.
You didn't know any spells.
Your spell library was empty.

Dungeon Overview and Level Annotations

Branches:
Dungeon (6/15)              Sewer (visited)
 Temple: D:4-7

Altars:
Hepliaklqana
Nemelex Xobeh
Okawaru

Shops:
D:1 :

Annotations:
D:3 Sigmund


Innate Abilities, Weirdness & Mutations

((You are quick and stealthy near water. (Stealth+, EV+, Speed+++)))
Your lower body shifts to a powerful aquatic tail in water.


Message History

The white imp misses you. The iguana misses you.
You hit the iguana.
The iguana is moderately wounded.
The white imp hits you but does no damage.
The iguana bites you but does no damage.
The white imp shouts, "Accept thy doom, thou wayward rude-growing death-token!"
The iguana completely misses you. The iguana bites you.
There is a stone staircase leading up here.
The white imp gestures at you. The puff of frost hits you.
The ufetubus hits you but does no damage. x2
The iguana bites you!
You climb upwards.
A quokka comes into view.
There is a stone staircase leading down here.
You puncture the white imp!
You kill the white imp!
Okawaru accepts your kill. The iguana completely misses you.
You barely miss the iguana.
The iguana is moderately wounded.
The iguana bites you!
You barely miss the iguana.
The iguana is moderately wounded.
The iguana misses you.
You hit the iguana but do no damage.
The iguana is moderately wounded.
The quokka twitches its whiskers.
The iguana bites you!
* * * LOW HITPOINT WARNING * * *
You hit the iguana.
The iguana is severely wounded.
The iguana bites you!
* * * LOW HITPOINT WARNING * * *
You hit the iguana.
The iguana is severely wounded.
An orc comes into view. It is wielding a +0 flail.
The quokka completely misses you. The iguana bites you!
You die...

#... .. .. #...
.##. ..... ...#
....###...##
#.........##o
..#............
...............
.......@l......
......##r......
..... ......#
.... .......
... #...... ..
.#.... . ######


You could see an iguana, an orc (wandering) and a quokka.

Vanquished Creatures
  An orc warrior (D:3)
  An ogre (D:2)
  A kobold brigand (Sewer)
  An orc priest (D:3)
  An orc wizard (D:3)
  A hound skeleton (D:4)
  Robin (D:3)
  2 river rats (Sewer)
  6 adders
  A white imp (D:5)
  3 dart slugs
  2 orcs
  5 ball pythons
  4 bats
  7 endoplasms
  7 giant cockroaches
  7 hobgoblins
  9 jackals
  8 quokkas (D:3)
  2 frilled lizards (D:1)
  25 goblins
  8 kobolds
  6 rats
109 creatures vanquished.

Notes
Turn   | Place    | Note
-------+----------+-------------------------------------------
     0 | D:1      | voltaire321 the Merfolk Gladiator began the quest for the
                  | Orb.
     0 | D:1      | Reached XP level 1. HP: 16/16 MP: 1/1
    55 | D:1      | Reached XP level 2. HP: 19/23 MP: 2/2
   430 | D:1      | Reached XP level 3. HP: 22/28 MP: 3/3
   727 | D:1      | Found Egyshrat's Book Boutique.
  1005 | D:1      | Reached skill level 5 in Polearms
  1313 | D:2      | Noticed an ogre
  1332 | D:2      | Killed an ogre
  1333 | D:2      | Reached XP level 4. HP: 35/35 MP: 4/4
  1333 | D:2      | Reached XP level 5. HP: 41/41 MP: 5/5
  1472 | D:2      | Reached skill level 1 in Armour
  1625 | D:2      | Reached skill level 5 in Dodging
  1793 | D:2      | Found a faded altar of an unknown god.
  2065 | D:3      | Found an iron altar of Okawaru.
  2065 | D:3      | Found a sparkling altar of Nemelex Xobeh.
  2067 | D:3      | Found a hazy altar of Hepliaklqana.
  2072 | D:3      | Became a worshipper of Warmaster Okawaru
  2126 | D:3      | Noticed an orc warrior
  2307 | D:3      | Found a glowing drain.
  2332 | Sewer    | Entered a sewer
  2364 | Sewer    | Reached XP level 6. HP: 28/47 MP: 6/6
  2674 | Sewer    | Reached skill level 6 in Polearms
  2674 | Sewer    | Reached skill level 1 in Invocations
  2946 | Sewer    | Found a white marble altar of Elyvilon.
  3315 | D:3      | HP: 2/48 [something/magic dart (7)]
  3318 | D:3      | Killed an orc warrior
  3319 | D:3      | Reached XP level 7. HP: 11/53 MP: 8/8
  3664 | D:3      | Noticed Robin
  3763 | D:3      | Killed Robin
  4089 | D:3      | Noticed Sigmund
  4157 | D:4      | You fall into a shaft and drop 2 floors!
  4167 | D:5      | Entered Level 5 of the Dungeon
  4173 | D:5      | Mangled by an iguana

Illustrated notes

Levels and vault maps discovered:
D:1:      grunt_arrival_lava_bath, layout_basic, serial_shops, shop,
          minmay_3d_cube
D:2:      layout_loops_ring, basic_ecumenical_altar
D:3:      layout_basic, gammafunk_temple_overflow_claw, gup_sewer_entry_pipe,
          nrook_campfire, eino_tiny_chamber, uniq_sigmund, uniq_robin
D:4:      layout_gridville, minmay_crystal_water, uniq_crazy_yiuf_cottage,
          uniq_menkaure
D:5:      layout_cave_pools, minmay_temple_entry_waves
D:6:      layout_rooms

Skill      XL: |  1  2  3  4  5  6  7 |
---------------+----------------------+-----
Polearms       | 5 6 |  6.4
Fighting       | 3 4 |  4.0
Armour         | 1 |  1.8
Throwing       | 3 |  3.7
Dodging        | 5 |  5.7
Invocations    | 1 2 |  2.0

Action                   |  1- 3 |  4- 6 |  7- 9 || total
-------------------------+-------+-------+-------++-------
Melee: Trident           |    77 |   209 |    98 ||   384
       Tailslap          |       |     1 |       ||     1
Throw: Dart              |    27 |    22 |       ||    49
  Use: Potion            |       |     3 |     3 ||     6
       Scroll            |       |     3 |     2 ||     5
 Stab: Sleeping          |     1 |       |       ||     1
Armor: Leather armour    |    16 |    36 |    30 ||    82
       Skin              |       |    11 |     4 ||    15
Dodge: Dodged            |    32 |   125 |    52 ||   209

Table legend: (Time is in decaauts)
 A = Elapsed time spent in this place.
 B = Non-inter-level travel time spent in this place.
 C = Inter-level travel time spent in this place.
 D = Time resting spent in this place.
 E = Time spent auto-exploring this place.
 F = Levels seen in this place.
 G = Mean time per level.
                   A        B        C        D        E       F      G
               +--------+--------+--------+--------+--------+-----+--------+
         Total |   4133 |   3986 |    147 |   1165 |   1528 |   7 |  590.4 |
       Dungeon |   3507 |   3360 |    147 |    726 |   1474 |   6 |  584.5 |
         Sewer |    625 |    625 |      0 |    439 |     54 |   1 |  625.0 |
               +--------+--------+--------+--------+--------+-----+--------+

Top non-repeatable levels by time:
     D:3: 1448 daAuts
     D:1: 1299 daAuts
     D:2: 735 daAuts
   Sewer: 625 daAuts
     D:4: 9 daAuts
     D:6: 9 daAuts
     D:5: 5 daAuts
